 Dungeon Crawl Stone Soup version 0.17-a0-1093-g0b3cd89 (webtiles) character file.

77930 HEYYEYAAE the Cleaver (level 15, -17/108 HPs)
             Began as an Octopode Fighter on May 20, 2015.
             Was the Champion of Trog.
             Killed from afar by a shock serpent (26 damage)
             ... with a bolt of electricity
             ... on level 2 of the Snake Pit.
             The game lasted 01:07:09 (11908 turns).

HEYYEYAAE the Cleaver (Octopode Fighter)           Turns: 11908, Time: 01:07:09

Health: -17/108    AC:  7    Str: 19    XL:     15   Next: 58%
Magic:  25/25      EV: 16    Int: 11    God:    Trog [******]
Gold:   476        SH: 13    Dex: 16    Spells: 0 memorised, 14 levels left

rFire  . . .     SeeInvis .     s - +1 hand axe (drain)
rCold  . . .     Clarity  .     U - +0 shield {reflect} (curse)
rNeg   . . .     SustAb   .     (helmet restricted)
rPois  +         Gourm    .     e - amulet of regeneration
rElec  .         Spirit   .     c - ring of flight
rCorr  .         Warding  .     V - +6 ring of protection
rMut   .         Stasis   .     i - ring of poison resistance
MR     ++++.                    W - ring of the Forgotten Tales {MR+ Str+2 Stlth+}
Stlth  +++.......               D - ring of magical power
                                (no ring)
                                (no ring)
                                (no ring)

@: exhausted, very slightly contaminated, regenerating, slowed, very slow,
incredibly resistant to hostile enchantments, fairly stealthy
A: almost no armour, amphibious, 8 rings, constrict 8, camouflage 1, gelatinous
body 1
a: Burn Spellbooks, Berserk, Trog's Hand, Brothers in Arms, Renounce Religion,
Evoke Flight


You were on level 2 of the Snake Pit.
You worshipped Trog.
Trog was exalted by your worship.
You were very hungry.

You visited 4 branches of the dungeon, and saw 23 of its levels.
You also visited: Bailey.

You collected 1960 gold pieces.
You spent 1484 gold pieces at shops.

Inventory:

Hand weapons
 f - a +2 hand axe of flaming
 l - a +1 dire flail of protection
 m - a +0 broad axe
 s - a +1 hand axe of draining (weapon)
 v - a +3 vampiric broad axe
 P - a +2 hand axe of venom
 S - a +2 war axe of freezing
Armour
 U - a cursed +0 shield of reflection (worn)
Jewellery
 c - a ring of flight (left tentacle)
 e - an amulet of regeneration (around mantle)
 i - a ring of poison resistance (on tentacle)
 B - an uncursed amulet of resist mutation {unknown}
 D - a ring of magical power (on tentacle)
 E - an uncursed amulet of rage {unknown}
 G - an uncursed ring of ice
 H - an uncursed ring of fire
 V - a +6 ring of protection (right tentacle)
 W - the ring of the Forgotten Tales (on tentacle) {MR+ Str+2 Stlth+}
   (You bought it in a shop on level 4 of the Orcish Mines)

   [ring of protection from magic]

   It affects your strength (+2).
   It affects your resistance to hostile enchantments.
   It makes you more stealthy.
Magical devices
 r - a wand of cold (4)
 w - a wand of confusion (17)
 y - a wand of paralysis (0)
 A - a wand of polymorph (0)
 K - a wand of draining (4)
 Q - a wand of teleportation (4)
Scrolls
 g - 2 scrolls of immolation
 h - 9 scrolls of remove curse
 n - a scroll of magic mapping
 o - 3 scrolls of noise
 I - 2 scrolls of enchant weapon
 J - a scroll of blinking
 O - 3 scrolls of teleportation
 T - 4 scrolls of enchant armour
Potions
 a - a potion of invisibility
 j - 4 potions of cancellation
 k - a potion of cure mutation
 p - 5 potions of brilliance
 q - 2 potions of berserk rage
 t - 2 potions of might
 u - a potion of resistance
 x - 5 potions of flight
 z - 5 potions of heal wounds
 C - a potion of ambrosia {unknown}
 F - 3 potions of lignification {unknown}
 L - a potion of degeneration {unknown}
 X - 4 potions of curing
 Y - 2 potions of haste
 Z - a potion of agility
Miscellaneous
 M - a box of beasts
 N - a stone of tremors
Comestibles
 b - a royal jelly
 d - 6 bread rations
 R - 3 meat rations


   Skills:
 + Level 11.8 Fighting
 + Level 14.0 Axes
 * Level 13.0 Dodging
 * Level 13.4 Shields
 - Level 2.5 Evocations


You had 14 spell levels left.
You didn't know any spells.

Dungeon Overview and Level Annotations

Branches:
Dungeon (10/15)            Temple (0/1) D:7            Lair (7/8) D:9
  Snake (2/4) Lair:5          Orc (4/4) D:10            Elf (0/3) Orc:3
  Swamp: Lair:3-6    Shoals: Lair:3-6     Slime: Lair:6-8

Altars:
Cheibriados
Dithmenos
Okawaru
Sif Muna
Trog
Vehumet
Beogh

Shops:
Orc:1 !   Orc:4 (=(*


Innate Abilities, Weirdness & Mutations

You cannot wear most types of armour.
You are amphibious.
You can wear up to eight rings at the same time.
You can use your tentacles to constrict eight enemies at once.
Your skin changes colour to match your surroundings (Stealth).
Your rubbery body absorbs attacks (AC +1).


Message History

You are too berserk!
Unknown command.
You feel a strong urge to attack something.
You feel your anger subside.
The shock serpent shoots out a bolt of lightning at you!
The bolt of electricity misses you.
You are no longer berserk.
You are exhausted.
You feel yourself slow down.
You are feeling very hungry.
Read which item? (? for menu, Esc to quit)
Blink to where?
Press: ? - help, Dir - move target cursor You are very lightly contaminated with residual magic.
As you read the scroll of blinking, it crumbles to dust.
The shock serpent shoots out a bolt of lightning at you!
The bolt of electricity hits you!
* * * LOW HITPOINT WARNING * * *
The bolt of electricity hits you!
You die...

### ###..## ###@....##
#........## ...## #.#
#.........# .....# #.
#.........#
......##.####S.......#
......(...#.ยง........#
........##....##.....#
........#...........##
........#S......#####


You could see a shock serpent.

Vanquished Creatures
  Donald (Snake:1)
  A stone giant (Orc:4)
  Fannar (Lair:3)
  An ice dragon (Lair:5)
  Harold (Lair:1)
  A naga warrior (Snake:1)
  An anaconda (Snake:1)
  Erica (Orc:1)
  6 hydras
  2 naga sharpshooters (Snake:1)
  A shock serpent (Snake:1)
  6 orc high priests (Orc:4)
  A sea snake (Snake:1)
  Pikel (D:6)
  6 orc knights (Orc:4)
  A cyclops (Orc:4)
  4 elephants (Lair:7)
  5 orc sorcerers
  A naga mage (Snake:1)
  Maurice (D:8)
  A centaur zombie (D:10)
  4 black mambas
  6 spiny frogs
  3 komodo dragons
  4 trolls
  3 wandering mushrooms (Lair:3)
  A fire drake (Lair:4)
  5 two-headed ogres (Orc:4)
  A boulder beetle (Orc:1)
  8 blink frogs
  A wyvern (Lair:3)
  17 yaks
  3 basilisks
  15 wolves
  4 hippogriffs
  3 wargs
  Menkaure (D:4)
  6 water moccasins
  6 porcupines
  A hungry ghost (D:8)
  A sky beast (D:10)
  Duvessa (D:4)
  10 nagas
  4 black bears
  2 ice beasts
  A slave (D:6)
  8 ogres
  An eye of draining (D:8)
  45 orc warriors
  5 crocodiles
  A centaur (D:10)
  A big kobold (D:8)
  11 giant frogs
  Dowan (D:4)
  A water moccasin skeleton (D:8)
  8 wights (D:7)
  9 killer bees
  3 electric eels
  A quasit (D:4)
  4 jellies
  A crimson imp (D:5)
  2 giant frog skeletons
  A gnoll shaman (D:8)
  4 hounds
  28 orc priests
  Natasha (thrice) (D:4)
  19 orc wizards
  5 iguanas
  4 worker ants
  11 gnolls
  Robin (D:4)
  21 river rats
  2 shadow imps
  2 white imps (Lair:5)
  8 adders
  An ooze (D:2)
  2 adder skeletons
  An adder zombie (D:6)
  2 worms
  227 orcs
  3 giant cockroaches
  40 goblins
  14 hobgoblins
  30 kobolds
  5 quokkas
  10 bats
  4 giant geckos
  7 giant newts
  11 jackals
  12 rats
  A bush (Lair:4)
  2 plants (Lair:4)
738 creatures vanquished.

Vanquished Creatures (collateral kills)
  An orc warlord (Orc:4)
  Aizul (Lair:5)
  A naga warrior (Lair:5)
  3 orc warriors
  An orc priest (Orc:4)
  An orc (Orc:4)
  A hobgoblin (Bailey)
  A goblin (Bailey)
  A kobold (Bailey)
11 creatures vanquished.

Vanquished Creatures (others)
  An orc wizard (Orc:4)
  A white imp (Lair:5)
  2 orcs (Orc:1)
  A fungus (Lair:3)
5 creatures vanquished.

Grand Total: 754 creatures vanquished

Notes
Turn   | Place    | Note
--------------------------------------------------------------
     0 | D:1      | HEYYEYAAE the Octopode Fighter began the quest for the Orb.
     0 | D:1      | Reached XP level 1. HP: 16/16 MP: 1/1
   102 | D:1      | Reached XP level 2. HP: 19/21 MP: 2/2
   607 | D:2      | Reached XP level 3. HP: 22/26 MP: 3/3
  1288 | D:4      | Noticed Menkaure
  1288 | D:4      | Noticed Dowan
  1290 | D:4      | Noticed Duvessa
  1293 | D:4      | Killed Menkaure
  1293 | D:4      | Reached skill level 4 in Fighting
  1293 | D:4      | Reached XP level 4. HP: 31/33 MP: 4/4
  1293 | D:4      | Reached XP level 5. HP: 34/37 MP: 5/5
  1295 | D:4      | Noticed Natasha
  1297 | D:4      | Killed Duvessa
  1297 | D:4      | Reached XP level 6. HP: 41/43 MP: 6/6
  1298 | D:4      | Killed Natasha
  1299 | D:4      | Killed Dowan
  1358 | D:4      | Noticed Natasha
  1366 | D:4      | Killed Natasha
  1380 | D:4      | Noticed Robin
  1401 | D:4      | Killed Robin
  1447 | D:4      | Noticed Natasha
  1451 | D:4      | Killed Natasha
  1547 | D:4      | Noticed Grinder
  1555 | D:5      | Entered Level 5 of the Dungeon
  1675 | D:5      | Reached XP level 7. HP: 45/49 MP: 7/7
  1739 | D:5      | Found a shadowy altar of Dithmenos.
  1770 | D:5      | Found a deep blue altar of Sif Muna.
  1918 | D:5      | Found a bloodstained altar of Trog.
  1924 | D:5      | Found a snail-covered altar of Cheibriados.
  1928 | D:5      | Became a worshipper of Trog the Wrathful
  1971 | D:5      | Reached skill level 5 in Dodging
  2041 | D:5      | Reached skill level 5 in Shields
  2452 | D:4      | Noticed Grinder
  2452 | D:4      | Grinder changed into Grinder the quasit
  2513 | D:4      | Killed Grinder the quasit
  2513 | D:4      | Reached skill level 5 in Fighting
  2767 | D:5      | Found an iron altar of Okawaru.
  2772 | D:5      | Acquired Trog's first power
  2882 | D:6      | Reached XP level 8. HP: 51/55 MP: 8/8
  2981 | D:6      | Reached skill level 5 in Axes
  3223 | D:6      | Reached skill level 6 in Shields
  3292 | D:6      | Noticed Pikel
  3297 | D:6      | Killed Pikel
  3297 | D:6      | Reached XP level 9. HP: 62/62 MP: 9/9
  3349 | D:6      | Acquired Trog's second power
  3506 | D:7      | Reached skill level 7 in Axes
  3575 | D:7      | Found a staircase to the Ecumenical Temple.
  3733 | D:7      | Found a radiant altar of Vehumet.
  4054 | D:8      | Found a flagged portal.
  4068 | Bailey   | Entered a bailey
  4146 | Bailey   | Reached skill level 8 in Axes
  4230 | Bailey   | Reached XP level 10. HP: 59/71 MP: 10/10
  4447 | D:8      | Noticed Maurice
  4460 | D:8      | Killed Maurice
  4617 | D:8      | Acquired Trog's third power
  4690 | D:9      | Reached skill level 9 in Axes
  4959 | D:9      | Found a staircase to the Lair.
  4979 | D:10     | Entered Level 10 of the Dungeon
  5116 | D:10     | Found a staircase to the Orcish Mines.
  5365 | D:10     | Reached skill level 10 in Axes
  5402 | D:10     | Reached XP level 11. HP: 21/77 MP: 11/11
  5517 | Orc:1    | Entered Level 1 of the Orcish Mines
  5517 | Orc:1    | Found Deing's Distillery.
  5519 | Orc:1    | Noticed Erica
  5573 | Orc:1    | Bought a potion of curing for 42 gold pieces
  5573 | Orc:1    | Bought a potion of curing for 42 gold pieces
  5661 | Orc:1    | Killed Erica
  6121 | Orc:3    | Found a staircase to the Elven Halls.
  6211 | Orc:4    | Entered Level 4 of the Orcish Mines
  6269 | Orc:4    | Received a gift from Trog
  6447 | Orc:4    | Noticed an orc knight
  6481 | Orc:4    | Killed an orc knight
  6481 | Orc:4    | Reached skill level 11 in Axes
  6576 | Orc:4    | Noticed an orc knight
  6596 | Orc:4    | Killed an orc knight
  6649 | Orc:4    | Found Otehoehesch's Antique Weapon Emporium.
  6664 | Orc:4    | Found a roughly hewn altar of Beogh.
  6711 | Orc:4    | Noticed an orc knight
  6711 | Orc:4    | Noticed an orc knight
  6733 | Orc:4    | Killed an orc knight
  6854 | Orc:4    | Found Ymaut's Jewellery Shoppe.
  6895 | Orc:4    | Received a gift from Trog
  6923 | Orc:4    | Killed an orc knight
  6923 | Orc:4    | Reached XP level 12. HP: 72/85 MP: 12/12
  7077 | Orc:4    | Noticed a stone giant
  7120 | Orc:4    | Killed a stone giant
  7191 | Orc:4    | Noticed an orc knight
  7211 | Orc:4    | Killed an orc knight
  7211 | Orc:4    | Reached skill level 12 in Axes
  7455 | Orc:4    | Received a gift from Trog
  7543 | Orc:4    | Reached skill level 10 in Shields
  7610 | Orc:4    | Noticed an orc warlord
  7639 | Orc:4    | Killed an orc warlord
  7678 | Orc:4    | Noticed an orc high priest
  7680 | Orc:4    | Noticed an orc high priest
  7709 | Orc:4    | Killed an orc high priest
  7715 | Orc:4    | Killed an orc high priest
  7715 | Orc:4    | Reached skill level 10 in Fighting
  7814 | Orc:4    | Noticed an orc high priest
  7816 | Orc:4    | Noticed an orc high priest
  7824 | Orc:4    | Killed an orc high priest
  7828 | Orc:4    | Killed an orc high priest
  7828 | Orc:4    | Reached skill level 10 in Dodging
  7898 | Orc:4    | Found a roughly hewn altar of Beogh.
  7913 | Orc:4    | Noticed an orc high priest
  7926 | Orc:4    | Killed an orc high priest
  7926 | Orc:4    | Reached skill level 13 in Axes
  7926 | Orc:4    | Reached XP level 13. HP: 90/93 MP: 13/13
  7931 | Orc:4    | Noticed an orc knight
  7937 | Orc:4    | Found Ren Woq's Weapon Emporium.
  7944 | Orc:4    | Killed an orc knight
  7979 | Orc:4    | Found Jofo's Assorted Antiques.
  7979 | Orc:4    | Noticed an orc high priest
  7992 | Orc:4    | Killed an orc high priest
  8045 | Orc:4    | Received a gift from Trog
  8130 | Orc:4    | Bought an uncursed ring of poison resistance for 280 gold pieces
  8130 | Orc:4    | Bought the ring of the Forgotten Tales {MR+ Str+2 Stlth+} for 546 gold pieces
  8564 | Orc:1    | Bought a potion of heal wounds for 70 gold pieces
  8564 | Orc:1    | Bought a potion of flight for 42 gold pieces
  8564 | Orc:1    | Bought a potion of haste for 140 gold pieces
  8564 | Orc:1    | Bought a potion of agility for 56 gold pieces
  8564 | Orc:1    | Bought a potion of invisibility for 112 gold pieces
  8564 | Orc:1    | Bought a potion of cancellation for 112 gold pieces
  8564 | Orc:1    | Bought a potion of flight for 42 gold pieces
  8667 | Lair:1   | Entered Level 1 of the Lair of Beasts
  8727 | Lair:1   | Noticed Harold
  8734 | Lair:1   | Killed Harold
  8960 | Lair:2   | Received a gift from Trog
  9056 | Lair:2   | Noticed Fannar
  9081 | Lair:3   | Killed Fannar
  9524 | Lair:3   | Reached skill level 1 in Evocations
  9997 | Lair:5   | Reached XP level 14. HP: 68/101 MP: 15/15
 10380 | Lair:6   | Received a gift from Trog
 10918 | Lair:7   | Reached XP level 15. HP: 107/107 MP: 16/16
 11088 | Lair:5   | Found a staircase to the Snake Pit.
 11111 | Snake:1  | Entered Level 1 of the Snake Pit
 11130 | Snake:1  | Noticed Aizul
 11397 | Lair:5   | Killed Aizul
 11523 | Snake:1  | Noticed Donald
 11539 | Snake:1  | Killed Donald
 11554 | Snake:1  | Reached skill level 14 in Axes
 11908 | Snake:2  | Killed from afar by a shock serpent

Vault maps used:
D:1:      elethiomel_arrival_infinity_welcomes_careful_drivers,
          hangedman_decor_clover_reticule
D:2:      guppyfry_early_lair_pool
D:3:      lemuel_upstairs_altar, kiku_gazebo_garden_becter
D:4:      minmay_opposing_rooms, first_bread, hex_medium, uniq_menkaure,
          uniq_robin, uniq_natasha, uniq_duvessa, uniq_grinder
D:5:      okawaru_altar_gauntlet_db, grunt_temple_overflow_open,
          nicolae_dithmenos_the_darkroom, lemuel_doored_altar
D:6:      uniq_pikel
D:7:      nicolae_overflow_crystal_walls, minmay_temple_entry_poolview,
          grunt_livestock
D:8:      enter_bailey_3, uniq_maurice
D:9:      erik_lair_orcish_takeover
D:10:     david_orc_3, grunt_ministairs_6, kennysheep_cluttered_room,
          wad_floor_pattern_1
Lair:1:   beast_lair_carwin_4, grunt_megastairs_3, uniq_harold
Lair:2:   lemuel_old_faithful, serial_bayou_shore_a, uniq_fannar
Lair:3:   fungi_pond_lemuel
Lair:4:   serial_forest, infiniplex_forest_clump_medium,
          infiniplex_forest_lined_room_, infiniplex_forest_clump_small,
          infiniplex_forest_clump_medium, infiniplex_forest_clump_large,
          infiniplex_forest_clump_small, infiniplex_forest_straight_4
Lair:5:   minmay_shoals_entry_hut, guppyfry_snake_entry_garden,
          grunt_forest_small_clearings, bobbens_ice_dragon_lair,
          infiniplex_staircase_pool_2, lemuel_fruit_fields
Lair:6:   dpeg_slime_entry_corner, lemuel_fruit_tree
Snake:1:  serial_bayou_ford_a, uniq_aizul, uniq_donald
Orc:1:    serial_shops, shop_statue, rock_pile, uniq_erica
Orc:3:    nicolae_orc_pool_cavern
Orc:4:    pubby_orc_utopia
Bailey:   bailey_axe_1, bailey

Action                   |  1- 3 |  4- 6 |  7- 9 | 10-12 | 13-15 || total
-------------------------+-------+-------+-------+-------+-------++-------
Melee: War axe           |    81 |    37 |   166 |       |       ||   284
       Unarmed           |       |     6 |       |       |       ||     6
       Whip              |       |       |   124 |   265 |       ||   389
       Hand axe          |       |       |    33 |   434 |   767 ||  1234
       Broad axe         |       |       |       |    54 |       ||    54
Invok: Berserk           |       |       |     6 |    22 |    18 ||    46
       Trog's Hand       |       |       |     1 |     7 |     4 ||    12
       Brothers in Arms  |       |       |       |     1 |     2 ||     3
Evoke: Wand              |       |       |    14 |     6 |    20 ||    40
       Stone of tremors  |       |       |       |     1 |       ||     1
  Use: Potion            |     1 |       |     2 |     5 |     2 ||    10
       Scroll            |       |       |     4 |     9 |    23 ||    36
 Stab: Sleeping          |     4 |       |     3 |    12 |    11 ||    30
       Distracted        |       |     1 |       |       |     1 ||     2
       Paralysed         |       |       |       |       |    11 ||    11
  Eat: Chunk             |     1 |     2 |     2 |    19 |    15 ||    39
       Beef jerky        |       |       |     4 |     1 |       ||     5
       Pizza             |       |       |     1 |     1 |       ||     2
       Meat ration       |       |       |     2 |     2 |     1 ||     5
       Fruit             |       |       |       |     1 |    15 ||    16
       Bread ration      |       |       |       |     4 |       ||     4
